 Dungeon Crawl Stone Soup version 0.28-a0-834-g1a73be5ee4 (webtiles) character file.

Game seed: 12689379395851308840

1544 oldriver the Thaumaturge (level 9, -3/59 HPs)
             Began as a Djinni Air Elementalist on Nov 12, 2021.
             Slain by a sixfirhy (11 damage)
             ... summoned by a kobold demonologist
             ... on level 6 of the Dungeon.
             The game lasted 00:12:58 (6893 turns).

oldriver the Thaumaturge (Djinni Air Elementalist)  Turns: 6893, Time: 00:12:58

Health: -3/59      AC:  3    Str: 13    XL:     9   Next: 11%
Gold:   201        EV: 16    Int: 20    God:
                   SH:  0    Dex: 14

rFire   + + .      SeeInvis .   (no weapon)
rCold   x . .      Faith    .   (no shield)
rNeg    . . .      Spirit   .   a - +1 robe
rPois   ∞          Reflect  .   (no helmet)
rElec   .          Harm     .   (no cloak)
rCorr   .          Rampage  .   (no gloves)
Will    .....                   (boots unavailable)
Stlth   ++........              (no amulet)
HPRegen 0.19/turn               f - +4 ring of evasion
MPRegen 0.00/turn               j - +6 ring of strength

@: flying
A: sickness immunity, fire resistance 2, cold vulnerability 1, float, innate
caster, hp casting, extra vitality 1
a: no special abilities


You were on level 6 of the Dungeon.
You visited 1 branch of the dungeon, and saw 6 of its levels.
You also visited: Sewer.

You collected 201 gold pieces.

Inventory:

Armour
 a - a +1 robe (worn)
 e - a +3 chain mail of poison resistance
Jewellery
 f - a +4 ring of evasion (left hand)
 j - a +6 ring of strength (right hand)
Wands
 l - a wand of flame (23)
Scrolls
 b - a scroll of fear
 d - 4 scrolls of identify
 k - a scroll of amnesia {unknown}
 n - a scroll of vulnerability {unknown}
Potions
 c - a potion of heal wounds
 g - a potion of mutation {unknown}
 h - a potion of flight {unknown}
 i - a potion of lignification {unknown}
 m - 2 potions of resistance {unknown}


   Skills:
 * Level 2.9 Fighting
 + Level 2.4 Dodging
 + Level 2.5 Stealth
 * Level 8.1 Spellcasting


You had 5 spell levels left.
You knew the following spells:

 Your Spells              Type           Power      Damage    Failure   Level
a - Shock                 Conj/Air       100%       1d9       1%          1
b - Static Discharge      Conj/Air       40%        N/A       1%          2
c - Swiftness             Air            40%        N/A       1%          3
d - Airstrike             Air            20%        N/A       3%          4
e - Summon Small Mammal   Summ           100%       N/A       1%          1
f - Scorch                Fire           80%        2d9       1%          2
g - Ozocubu's Armour      Ice            40%        N/A       1%          3
h - Tukima's Dance        Hex            40%        N/A       1%          3
Your spell library was empty.

Dungeon Overview and Level Annotations

Branches:
Dungeon (6/15)              Sewer (visited)
 Temple: D:4-7

Altars:


Innate Abilities, Weirdness & Mutations

You are immune to sickness and miasma.
You are immune to poison.
Your flesh is very heat resistant. (rF++)
You are vulnerable to cold. (rC-)
You float through the air rather than walking.
You learn spells naturally, not from books.
Your magical power is your life essence.
You have superior vitality. (+4 HP)


Message History

A kobold comes into view. It is wielding a +0 whip.
A kobold brigand comes into view.
It is wielding a +0 dagger and quivering poisoned darts.
Casting: Shock (safe; 1% risk of failure)
Confirm with . or Enter, or press ? or * to list all spells.
Aiming: Shock (safe; 1% risk of failure)
Press: ? - help, Shift-Dir - straight line, f/p - kobold demonologist
Aim: a kobold demonologist, wielding a +0 dagger of electrocution and wearing a +0 robe (moderately wounded, 64% to hit)
The zap hits the adder.
The adder is severely wounded.
The zap hits the scorpion.
You kill the scorpion!
The zap hits the kobold demonologist.
The kobold demonologist is moderately wounded.
The adder misses you.
A kobold comes into view. It is wielding a +0 dagger.
A kobold demonologist comes into view. It is wielding a +0 dagger.
The adder completely misses you.
Casting: Shock (safe; 1% risk of failure)
Confirm with . or Enter, or press ? or * to list all spells.
Aiming: Shock (safe; 1% risk of failure)
Press: ? - help, Shift-Dir - straight line The zap hits the adder.
The adder is almost dead.
The zap hits the kobold demonologist.
The kobold demonologist is lightly wounded.
The adder bites you.
The kobold demonologist casts a spell.
You hear a shout!
Casting: Shock (safe; 1% risk of failure)
Confirm with . or Enter, or press ? or * to list all spells.
Aiming: Shock (safe; 1% risk of failure)
Press: ? - help, Shift-Dir - straight line The zap misses the adder.
The zap misses the kobold demonologist.
The sixfirhy hits you! The sixfirhy shocks you! The sixfirhy hits you!
The sixfirhy shocks you!
* * * LOW HITPOINT WARNING * * *
The sixfirhy hits you.
* * * LOW HITPOINT WARNING * * *
The sixfirhy shocks you!
You die...

#.#.# #......# #.#.#
#......# #.#
####.#.### #.#
#.....# ..
#.######.....# ...#
..#....'..>..#
....K####.####.....#
....KKS3#.# #######
#@#.# #.#.# #.#.##
#....# #....#
........# ####....#
#....# #)...#


You could see a kobold demonologist, a sixfirhy (summoned), a kobold brigand, an
adder and a kobold.

Vanquished Creatures
  Sigmund (D:3)
  A black bear (D:4)
  2 ice beasts (D:5)
  A centaur (D:4)
  A phantom (D:5)
  2 bullfrogs (Sewer)
  4 scorpions
  A bullfrog zombie (D:4)
  An orc priest (D:4)
  A jelly (D:3)
  Terence (D:3)
  Natasha (thrice) (D:3)
  A scorpion zombie (D:5)
  4 orc wizards
  Robin (D:4)
  A howler monkey skeleton (D:6)
  4 gnolls (D:2)
  8 adders
  A river rat (D:5)
  An adder skeleton (D:4)
  3 dart slugs
  17 orcs
  3 endoplasms
  11 giant cockroaches
  7 hobgoblins
  5 kobolds
  8 quokkas
  4 ball pythons
  6 bats
  13 frilled lizards
  17 goblins
  7 rats
141 creatures vanquished.

Notes
Turn   | Place    | Note
-------+----------+-------------------------------------------
     0 | D:1      | oldriver the Djinni Air Elementalist began the quest for
                  | the Orb.
     0 | D:1      | Reached XP level 1. HP: 15/15 MP: 0/0
   304 | D:1      | Reached XP level 2. HP: 17/21 MP: 0/0
   392 | D:1      | HP: 1/21 [dart slug/slug dart (6)]
   402 | D:1      | Reached skill level 3 in Spellcasting
   699 | D:1      | Reached XP level 3. HP: 15/25 MP: 0/0
   699 | D:1      | Learned a level 1 spell: Summon Small Mammal
  1081 | D:1      | Found a faded altar of an unknown god.
  1795 | D:2      | Reached XP level 4. HP: 17/31 MP: 0/0
  2532 | D:2      | Reached skill level 1 in Fighting
  2537 | D:2      | Reached XP level 5. HP: 27/37 MP: 0/0
  2537 | D:2      | Learned a level 2 spell: Scorch
  2936 | D:3      | Reached skill level 4 in Spellcasting
  3205 | D:3      | Noticed Natasha
  3212 | D:3      | Killed Natasha
  3395 | D:3      | Noticed Sigmund
  3404 | D:3      | Killed Sigmund
  3405 | D:3      | Reached skill level 5 in Spellcasting
  3405 | D:3      | Reached XP level 6. HP: 24/42 MP: 0/0
  3666 | D:3      | Noticed Terence
  3673 | D:3      | Killed Terence
  3781 | D:3      | Reached XP level 7. HP: 39/47 MP: 0/0
  3781 | D:3      | Learned a level 3 spell: Ozocubu's Armour
  3913 | D:3      | Noticed Natasha
  3917 | D:3      | Killed Natasha
  4011 | D:3      | Noticed Natasha
  4015 | D:3      | Killed Natasha
  4512 | D:4      | Reached skill level 6 in Spellcasting
  4606 | D:4      | Noticed Robin
  4897 | D:4      | Killed Robin
  4898 | D:4      | Reached XP level 8. HP: 44/54 MP: 0/0
  5232 | D:5      | Entered Level 5 of the Dungeon
  5374 | D:5      | Reached skill level 7 in Spellcasting
  5507 | D:5      | Found a glowing drain.
  5511 | Sewer    | Entered a sewer
  6186 | D:5      | Reached XP level 9. HP: 52/59 MP: 0/0
  6186 | D:5      | Learned a level 3 spell: Tukima's Dance
  6469 | D:5      | Reached skill level 8 in Spellcasting
  6888 | D:6      | Noticed a kobold demonologist
  6891 | D:6      | Noticed a kobold demonologist
  6893 | D:6      | Noticed a sixfirhy
  6893 | D:6      | Slain by a sixfirhy

Illustrated notes

Levels and vault maps discovered:
D:1:      mrwooster_arrival_statue, layout_basic,
          ebering_ecumenical_altar_abandoned, minmay_surrounded
D:2:      layout_loops_ring, minmay_misc_feat_diagonals
D:3:      layout_basic, minivault_27, uniq_natasha, uniq_terence, uniq_sigmund
D:4:      layout_cave_pools, kennysheep_big_empty_room, uniq_robin
D:5:      layout_basic, gup_sewer_entry_spiral
D:6:      layout_basic, lemuel_doored_altar, uniq_maggie

Skill      XL: |  1  2  3  4  5  6  7  8  9 |
---------------+----------------------------+-----
Spellcasting   | 3 5 6 7 8 |  8.1
Fighting       | 1 2 |  2.9
Stealth        | 2 |  2.5
Dodging        | |  2.4

Action                   |  1- 3 |  4- 6 |  7- 9 || total
-------------------------+-------+-------+-------++-------
Melee: Unarmed           |     6 |       |       ||     6
 Cast: Shock             |    72 |    72 |   125 ||   269
       Summon Small Mamm |       |     4 |       ||     4
       Scorch            |       |    11 |    46 ||    57
       Static Discharge  |       |     2 |     3 ||     5
       Ozocubu's Armour  |       |       |     2 ||     2
       Swiftness         |       |       |     1 ||     1
  Use: Scroll            |       |       |     6 ||     6
Armor: Robe              |     6 |       |     3 ||     9
Dodge: Dodged            |    21 |     7 |    19 ||    47

Table legend: (Time is in decaauts)
 A = Elapsed time spent in this place.
 B = Non-inter-level travel time spent in this place.
 C = Inter-level travel time spent in this place.
 D = Time resting spent in this place.
 E = Time spent auto-exploring this place.
 F = Levels seen in this place.
 G = Mean time per level.
                   A        B        C        D        E       F      G
               +--------+--------+--------+--------+--------+-----+--------+
         Total |   6892 |   6729 |    163 |   1248 |   4768 |   7 |  984.6 |
       Dungeon |   6465 |   6302 |    163 |   1248 |   4412 |   6 | 1077.5 |
         Sewer |    426 |    426 |      0 |      0 |    356 |   1 |  426.0 |
               +--------+--------+--------+--------+--------+-----+--------+

Top non-repeatable levels by time:
     D:1: 1925 daAuts
     D:3: 1482 daAuts
     D:5: 1057 daAuts
     D:4: 972 daAuts
     D:2: 851 daAuts
   Sewer: 426 daAuts
     D:6: 176 daAuts
